 Dungeon Crawl Stone Soup version 0.31.0-12-g77e489cdc1 (webtiles) character file.

Game seed: 15565207828459650811

86 concelhaut the Trooper (level 4, -2/29 HPs)
             Began as a Gargoyle Fighter on Mar 3, 2024.
             Incinerated by a bombardier beetle (3 damage)
             ... with a burning spray
             ... on level 3 of the Dungeon.
             The game lasted 00:04:45 (1609 turns).

concelhaut the Trooper (Gargoyle Fighter)           Turns: 1609, Time: 00:04:45

Health: -2/29      AC: 16    Str: 22    XL:     4   Next: 50%
Magic:  4/4        EV:  8    Int:  8    God:
Gold:   90         SH:  4    Dex:  9    Spells: 3/3 levels left

rFire   . . .        a - +0 war axe
rCold   . . .        c - +0 buckler
rNeg    + . .        l - +0 chain mail
rPois   ∞            (no helmet)
rElec   +            (no cloak)
rCorr   .            (no gloves)
SInv    .            (no boots)
Will    .....        (no amulet) Stlth
                     k - +4 ring of protection
HPRegen 0.24/turn    (no ring)
MPRegen 0.09/turn

%: no passive effects
@: on fire, glowing
A: sickness immunity, AC +3, negative energy resistance 1, electricity
resistance, torment resistance 1, petrification resistance
a: no special abilities


You were on level 3 of the Dungeon.
You visited 1 branch of the dungeon, and saw 3 of its levels.

You collected 90 gold pieces.

Inventory:

Hand Weapons
 a - a +0 war axe (weapon)
Missiles
 e - 32 stones (quivered)
Armour
 c - a +0 buckler (worn)
 l - a +0 chain mail (worn)
Jewellery
 k - a +4 ring of protection (left hand)
Talismans
 i - a granite talisman
Wands
 p - a wand of polymorph (9)
 r - a wand of flame (16)
Scrolls
 b - a scroll of enchant armour {unknown}
 f - a scroll of immolation {unknown}
 h - a scroll of identify {unknown}
 j - 2 scrolls of brand weapon {unknown}
 s - a scroll of teleportation {unknown}
Potions
 d - a potion of might
 g - 2 potions of curing {unknown}
 m - 2 potions of heal wounds {unknown}
 n - a potion of ambrosia {unknown}
 o - 2 potions of invisibility {unknown}
 q - a potion of mutation {unknown}


   Skills:
 * Level 4.2 Fighting
 * Level 2.8 Axes
 + Level 3.7 Armour
 + Level 3.7 Shields


You had 3 spell levels left.
You didn't know any spells.
Your spell library contained the following spells:

 Spells                   Type           Power      Damage    Failure   Level
 Call Imp                 Summ           0%         N/A       99%         2
 Lesser Beckoning         Tloc           0%         N/A       99%         2
 Gell's Gravitas          Tloc           0%         N/A       100%        3
 Teleport Other           Tloc           0%         N/A       100%        3
 Summon Hydra             Summ           0%         N/A       100%        7
 Sublimation of Blood     Necr           Unusable   N/A       N/A         2

Dungeon Overview and Level Annotations

Branches:
Dungeon (3/15)

Altars:


Innate Abilities, Weirdness & Mutations

You are immune to sickness and miasma.
Your stone body is resilient. (AC +3)
You are immune to poison.
You resist negative energy. (rN+)
You are resistant to electric shocks. (rElec)
You are resistant to unholy torment.
You are immune to petrification.


Message History

The endoplasm hits you.
You barely miss the endoplasm.
The endoplasm is heavily wounded.
The endoplasm barely misses you. x2
You hit the endoplasm.
The endoplasm is almost dead.
The endoplasm closely misses you.
You hit the endoplasm.
You kill the endoplasm!
Found a stone staircase leading up.
Found a ring mail.
A bombardier beetle comes into view.
Found a fizzy brown potion.
The bombardier beetle sprays incendiary fluid at you.
The burning spray hits you.
You are covered in liquid fire!
You shake off some of the fire as you move.
The liquid fire burns you!
You barely miss the bombardier beetle. The liquid fire burns you!
The bombardier beetle sprays incendiary fluid at you.
The burning spray hits you.
You are even more covered in liquid fire!
You hit the bombardier beetle but do no damage.
The liquid fire burns you!
The bombardier beetle bites you but does no damage.
You slash the bombardier beetle!
The bombardier beetle is severely wounded.
The liquid fire burns you!
* * * LOW HITPOINT WARNING * * *
The bombardier beetle closely misses you.
You slash the bombardier beetle!
You kill the bombardier beetle!
The liquid fire burns you!
* * * LOW HITPOINT WARNING * * *
You have reached level 4!
You feel stronger.
You shake off some of the fire as you move.
The liquid fire burns you!
You die...

..................#...)
#.............##.......
##.....#.....####.†....
############..####..#....
..... ##..##..##....
..!.. ##..#.###....
...... ##...# #....
......#########..## #....
.......#@....##..# #####
.............##..#
#######..........#
##.....#...# #.....<...#
#.....#...# #.........#
..[(##.......
#....##........


There were no monsters in sight!

Vanquished Creatures
  A bombardier beetle (D:3)
  An adder (D:2)
  2 dart slugs
  A ribbon worm (D:2)
  4 ball pythons
  7 endoplasms
  3 giant cockroaches
  4 goblins
  5 hobgoblins
  3 kobolds
  4 rats
35 creatures vanquished.

Notes
Turn   | Place    | Note
-------+----------+-------------------------------------------
     0 | D:1      | concelhaut the Gargoyle Fighter began the quest for the
                  | Orb.
     0 | D:1      | Reached XP level 1. HP: 14/14 MP: 1/1
   171 | D:1      | Reached XP level 2. HP: 16/19 MP: 2/2
   936 | D:2      | Reached XP level 3. HP: 14/24 MP: 3/3
  1510 | D:3      | Reached skill level 4 in Fighting
  1608 | D:3      | HP: 1/24 [burnt (4)]
  1609 | D:3      | Reached XP level 4. HP: 1/29 MP: 4/4
  1609 | D:3      | Incinerated by a bombardier beetle

Illustrated notes

Levels and vault maps discovered:
D:1:      dpeg_arrival_stone_temple_mockup, layout_basic, supply_closet_lemuel
D:2:      layout_loops_ring
D:3:      layout_rooms, kennysheep_generic_room_10

Skill      XL: |  1  2  3 |
---------------+----------+-----
Axes           | 2 |  2.8
Fighting       | 4 |  4.2
Armour         | |  3.7
Shields        | |  3.7

Action                     |  1- 3 |  4- 6 || total
---------------------------+-------+-------++-------
  Melee: War axe           |    81 |       ||    81
 Armour: Scale mail        |    11 |       ||    11
         Chain mail        |    45 |       ||    45
  Dodge: Dodged            |    27 |       ||    27
  Block: Buckler           |    11 |       ||    11
